 Dungeon Crawl Stone Soup version 0.19-a0-994-g3c636f0 (webtiles) character file.

44 mrath the Skirmisher (level 3, -1/24 HPs)
             Began as a Gargoyle Berserker on July 15, 2016.
             Was a Believer of Trog.
             Slain by Natasha (2 damage)
             ... on level 2 of the Dungeon.
             The game lasted 00:05:55 (1714 turns).

mrath the Skirmisher (Gargoyle Berserker)           Turns: 1714, Time: 00:05:55

Health: -1/24      AC:  8    Str: 21    XL:     3   Next: 62%
Magic:  3/3        EV: 11    Int:  7    God:    Trog [**....]
Gold:   44         SH:  0    Dex:  9    Spells: 0 memorised, 2 levels left

rFire  . . .     SeeInvis .     a - +0 mace
rCold  . . .     Gourm    .     q - +0 ring mail
rNeg   + . .     Faith    .     (no shield)
rPois  ∞         Spirit   .     (no helmet)
rElec  +         Dismiss  .     (no cloak)
rCorr  .         Reflect  .     (no gloves)
SustAt .         Harm     .     (no boots)
MR     .....                    (no amulet)
Stlth  ..........               (no ring)
                                (no ring)

@: not resistant to hostile enchantments, extremely unstealthy
A: negative energy resistance 1, electricity resistance, unbreathing,
petrification resistance, rot immunity, AC +3
a: Berserk, Trog's Hand, Burn Spellbooks, Renounce Religion


You were on level 2 of the Dungeon.
You worshipped Trog.
Trog was pleased with you.
You were not hungry.

You visited 1 branch of the dungeon, and saw 2 of its levels.

You collected 44 gold pieces.

Inventory:

Hand Weapons
 a - a +0 mace (weapon)
Missiles
 k - 37 stones (quivered)
 n - 2 needles of sleeping
Armour
 b - a +0 animal skin
 l - a +2 shield
 q - a +0 ring mail (worn)
Scrolls
 h - 6 scrolls of identify {unknown}
 i - a scroll of remove curse {unknown}
 j - a scroll of enchant weapon {unknown}
 m - a scroll of noise {unknown}
 r - a scroll of teleportation {unknown}
 s - a scroll of blinking {unknown}
Potions
 d - a potion of brilliance {unknown}
 e - a potion of might {unknown}
 g - a potion of curing {unknown}
 p - a potion of degeneration {unknown}
Comestibles
 c - 3 bread rations
 f - a meat ration
 o - a chunk of flesh


   Skills:
 + Level 4.1 Fighting
 + Level 3.8 Maces & Flails
 + Level 2.1 Armour
 + Level 1.6 Dodging
 + Level 0.0 Shields


You had 2 spell levels left.
You didn't know any spells.

Dungeon Overview and Level Annotations

Branches:
Dungeon (2/15)

Altars:

Annotations:
D:2 Natasha


Innate Abilities, Weirdness & Mutations

You are resistant to torment.
Your stone body is resilient. (AC +3)
You are immune to poison.
You resist negative energy. (rN+)
You are resistant to electric shocks. (rElec)
You can survive without breathing.
You are immune to petrification.
You are immune to rotting.


Message History

You hit Natasha but do no damage.
The white imp hits you but does no damage.
Natasha claws you but does no damage.
You closely miss Natasha.
The white imp hits you but does no damage.
Natasha claws you but does no damage.
You closely miss Natasha.
The white imp hits you but does no damage.
Natasha claws you. The white imp hits you. The white imp freezes you.
* * * LOW HITPOINT WARNING * * *
You hit Natasha.
Natasha is lightly wounded.
Natasha claws you.
* * * LOW HITPOINT WARNING * * *
The white imp closely misses you.
You barely miss Natasha.
Natasha is lightly wounded.
Natasha closely misses you. The kobold closely misses you.
The white imp closely misses you. Natasha claws you.
You die...

#....# ######.#
#....#### #..÷...#
#.......###.######
+.......#...# ..
##..≈≈≈≈...###
.... +..≈≈≈≈≈≈..#
.....#+.≈≈≈≈≈≈..#
........K≈≈≈≈≈..#
........@5≈≈≈...#
.###.....h....###
#..........#
#............#
#............#
#..............
#..............
#......##......


You could see Natasha, a white imp and a kobold.

Vanquished Creatures
  An adder (D:2)
  4 dart slugs (D:1)
  A giant gecko (D:1)
  5 goblins (D:1)
  2 hobgoblins (D:1)
  A kobold (D:1)
  4 bats
  8 giant newts
  4 rats (D:1)
30 creatures vanquished.

Notes
Turn   | Place    | Note
-------+----------+-------------------------------------------
     0 | D:1      | mrath the Gargoyle Berserker began the quest for the Orb.
     0 | D:1      | Reached XP level 1. HP: 14/14 MP: 1/1
   209 | D:1      | Reached XP level 2. HP: 19/19 MP: 2/2
   948 | D:1      | Reached XP level 3. HP: 24/24 MP: 3/3
  1088 | D:1      | Reached skill level 4 in Fighting
  1218 | D:1      | Reached ** piety under Trog
  1704 | D:2      | Noticed Natasha
  1713 | D:2      | HP: 1/24 [Natasha (4)]
  1714 | D:2      | Slain by Natasha

Vault maps used:
D:1:      grunt_arrival_crossed_arrows
D:2:      bloody_trog, lemuel_crystal_altar, kiku_gazebo_garden_becter,
          first_bread, minmay_newt_pond, uniq_natasha, uniq_terence

Skill      XL: |  1  2  3 |
---------------+----------+-----
Fighting       | 4 |  4.1
Maces & Flails | |  3.8
Armour         | |  2.1
Dodging        | |  1.6

Action                   || total
-------------------------++-------
Melee: Mace              ||    96
  Eat: Chunk             ||     3
Armor: Animal skin       ||    31
       Ring mail         ||    13
Dodge: Dodged            ||    63
